 Dungeon Crawl Stone Soup version 0.32-a0-868-g153ae1a8d6 (webtiles) character file.

Game seed: 1380518668972119217

540 zenocrate the Insei (level 7, 0/61 HPs)
             Began as an Octopode Earth Elementalist on Mar 28, 2024.
             Killed from afar by Dowan (11 damage)
             ... with a shard of ice
             ... on level 4 of the Dungeon.
             The game lasted 00:04:01 (3062 turns).

zenocrate the Insei (Octopode Earth Elementalist)   Turns: 3062, Time: 00:04:01

Health: 0/61       AC: 23    Str: 10    XL:     7   Next: 26%
Magic:  9/10       EV:  2    Int: 17    God:
Gold:   170        SH:  0    Dex: 12    Spells: 3/10 levels left

rFire   . .          .
                       - Unarmed
rCold   . . .        (no shield)
rNeg    . . .        (helmet currently unavailable)
rPois   +            (no amulet)
rElec   .            b - ring of resist corrosion
rCorr   +            (no ring)
SInv    .            (no ring)
Will    .....        (no ring)
Stlth   ++           (no ring)
HPRegen 0.30/turn    (no ring)
MPRegen 0.12/turn    (no ring)
                     (no ring)

%: no passive effects
@: tree-form
A: stationary, stasis, torment immunity, boosted hp, almost no armour,
(amphibious), 8 rings, (camouflage 1), (gelatinous body 1), (nimble swimmer 1),
(tentacles)
a: no special abilities


You were on level 4 of the Dungeon.
You were a tree.
You visited 1 branch of the dungeon, and saw 4 of its levels.

You collected 170 gold pieces.

Inventory:

Jewellery
 b - a ring of resist corrosion (left branch)
 t - an amulet of faith
Wands
 u - a wand of flame (19)
Scrolls
 d - a scroll of fog {unknown}
 f - 2 scrolls of teleportation {unknown}
 i - a scroll of amnesia {unknown}
 j - a scroll of butterflies {unknown}
 m - a scroll of fear {unknown}
 o - a scroll of poison {unknown}
 q - a scroll of noise {unknown}
 r - a scroll of immolation {unknown}
 s - 3 scrolls of enchant armour
Potions
 a - 2 potions of magic
 c - a potion of mutation
 e - 2 potions of curing
 g - a potion of heal wounds
 l - a potion of berserk rage
 n - a potion of invisibility {unknown}
 p - 2 potions of might {unknown}
 v - a potion of enlightenment {unknown}


   Skills:
 - Level 2.0 Dodging
 - Level 2.6 Stealth
 * Level 6.1 Unarmed Combat
 - Level 2.0 Spellcasting
 - Level 4.1 Conjurations
 - Level 3.0 Earth Magic


You had 3 spell levels left.
You knew the following spells:

 Your Spells              Type           Power      Damage    Failure   Level
a - Sandblast             Erth           22%        2d7       5%          1
b - Stone Arrow           Conj/Erth      26%        3d8       14%         3
z - Passwall              Erth           11%        N/A       17%         3

Your spell library contained the following spells:

 Spells                   Type           Power      Damage    Failure   Level
 Necrotise                Necr           4%         1d4       19%         1
 Vampiric Draining        Necr           1%         2d6       50%         3
 Brom's Barrelling Bould  Conj/Erth      13%        2d4       41%         4
 Petrify                  Alch/Erth      6%         N/A       71%         4
 Martyr's Knell           Necr/Summ      1%         N/A       88%         4
 Curse of Agony           Necr           1%         N/A       99%         5


Dungeon Overview and Level Annotations

Branches:
Dungeon (4/15)
 Temple: D:4-7

Altars:

Shops:
D:3 (

Annotations:
D:3 3 runed translucent doors, zenocrate's ghost, amateur OpEE
D:4 Dowan


Innate Abilities, Weirdness & Mutations

You are a tree.
Your roots penetrate the ground, keeping you stationary.
You cannot be teleported.
You are immune to unholy pain and torment.
Your maximum health is greatly increased.
You cannot wear most types of armour.
((You are amphibious.))
You can wear up to eight rings at the same time.
((Your skin changes colour to match your surroundings (Stealth+).))
((Your rubbery body absorbs attacks. (AC +1, EV +1)))
((You are camouflaged when in or above water. (Stealth+)))
((You have tentacles for arms and can constrict up to eight enemies at once.))


Message History

Duvessa hits you with a +2 short sword of speed.
Unknown command.
You smack Duvessa!
Duvessa is almost dead.
Duvessa hits you but does no damage. Dowan hits you but does no damage.
Unknown command.
You closely miss Duvessa. You punch Duvessa.
Duvessa is almost dead.
Duvessa hits you but does no damage. Dowan completely misses you.
Duvessa hits you with a +2 short sword of speed.
Unknown command.
You hit Duvessa.
You kill Duvessa!
Dowan's eyes darken. "You have made a grave mistake."
Dowan seems to find hidden reserves of power!
Dowan points at you and mumbles some strange words.
The stone arrow hits you but does no damage.
Your Unarmed Combat skill increases to level 6!
You smack Dowan!
Dowan is severely wounded.
Dowan breathes, "And she was my only..."
Dowan casts a spell at you.
The stone arrow hits you but does no damage.
Unknown command.
You miss Dowan.
Dowan is severely wounded.
Dowan hits you but does no damage. Dowan casts a spell at you.
The stone arrow hits you!
* * * LOW HITPOINT WARNING * * *
Casting: Sandblast (safe; 5% risk of failure)
Confirm with . or Enter, or press ? or * to list all spells.
Aiming: Sandblast (safe; 5% risk of failure)
Press: ? - help, Shift-Dir - straight line, f - Dowan
Aim: Dowan, wielding a +1 dagger of electrocution and wearing a +0 robe (severely wounded, fast, 75% to hit)
The blast of sand hits Dowan.
Dowan is almost dead.
Dowan gestures at you while chanting. The shard of ice hits you!
You die...

##. ### ..# #.+
.. #.# ..#.#
.#.# .## ..#
... #.# #.#
#)## #.#
#e♣#######.#
###
#.......##.#...
#####......#.#
#........#
#....#.#####
#.)..#.....#
#....#####.#
###.## #.# #.#
#.##


You could see Dowan (fast).

Vanquished Creatures
  Grinder (D:3)
  Duvessa (D:4)
  A bombardier beetle (D:3)
  Jessica (D:2)
  Ijyb (D:3)
  Robin (D:3)
  4 gnolls
  2 adders
  2 ribbon worms
  A dart slug (D:2)
  9 orcs
  7 bats
  8 endoplasms
  5 giant cockroaches
  16 goblins
  7 hobgoblins
  2 quokkas
  3 ball pythons
  3 frilled lizards
  5 kobolds
  4 rats
84 creatures vanquished.

Notes
Turn   | Place    | Note
-------+----------+-------------------------------------------
     0 | D:1      | zenocrate the Octopode Earth Elementalist began the quest
                  | for the Orb.
     0 | D:1      | Reached XP level 1. HP: 11/11 MP: 3/3
    18 | D:1      | Reached skill level 1 in Unarmed Combat
    40 | D:1      | Reached XP level 2. HP: 12/17 MP: 0/5
   398 | D:1      | Reached skill level 2 in Unarmed Combat
   447 | D:1      | Reached XP level 3. HP: 21/21 MP: 6/6
   738 | D:1      | Learned a level 3 spell: Stone Arrow
   945 | D:2      | Noticed Jessica
   947 | D:2      | Killed Jessica
   948 | D:2      | Reached XP level 4. HP: 27/27 MP: 7/7
  1185 | D:2      | Reached skill level 3 in Unarmed Combat
  1592 | D:3      | Noticed Grinder
  1598 | D:3      | Paralysed by Grinder for 3 turns
  1608 | D:3      | Killed Grinder
  1609 | D:3      | Reached skill level 4 in Unarmed Combat
  1609 | D:3      | Reached XP level 5. HP: 19/31 MP: 3/8
  1609 | D:3      | Reached XP level 6. HP: 22/36 MP: 3/9
  1696 | D:3      | Noticed Robin
  1758 | D:3      | Found Ejou's Antique Weapon Shop.
  1884 | D:3      | Found a runed translucent gate.
  1884 | D:3      | Found a runed translucent gate.
  1886 | D:3      | Found a runed translucent gate.
  2109 | D:3      | Reached skill level 5 in Unarmed Combat
  2223 | D:3      | Learned a level 3 spell: Passwall
  2228 | D:3      | Noticed Ijyb
  2238 | D:3      | Killed Ijyb
  2323 | D:3      | Noticed zenocrate's ghost (amateur OpEE)
  2798 | D:3      | Killed Robin
  2799 | D:3      | Reached XP level 7. HP: 35/41 MP: 7/10
  3049 | D:4      | Noticed Duvessa
  3049 | D:4      | Noticed Dowan
  3059 | D:4      | Killed Duvessa
  3060 | D:4      | Reached skill level 6 in Unarmed Combat
  3062 | D:4      | Killed from afar by Dowan

Illustrated notes

Levels and vault maps discovered:
D:1:      dreamdust_arrival_beginning_and_end, layout_basic,
          minmay_misc_feat_pillars, st_stairs_3, minmay_misc_feat_iff,
          minmay_nonomino_d4
D:2:      layout_loops_corners, minivault_4, guppyfry_early_lair_pool,
          uniq_jessica
D:3:      layout_basic, serial_shops, nicolae_shop_tiny_statue_garden,
          ebering_ghost_rock_garden, grunt_decor_one_mirror,
          kennysheep_generic_room_12, uniq_robin, uniq_grinder, uniq_ijyb
D:4:      layout_basic, serial_library_hellmonk_reading_circle,
          minmay_crystal_room, uniq_sigmund, uniq_eustachio, uniq_blork_the_orc,
          uniq_menkaure, uniq_duvessa

Skill      XL: |  1  2  3  4  5  6  7 |
---------------+----------------------+-----
Unarmed Combat | 1 2 4 5 6 |  6.1
Conjurations   | 2 4 |  4.1
Dodging        | |  2.0
Stealth        | |  2.6
Spellcasting   | |  2.0
Earth Magic    | |  3.0

Action                     |  1- 3 |  4- 6 |  7- 9 || total
---------------------------+-------+-------+-------++-------
  Melee: Unarmed           |    44 |    80 |    13 ||   137
         Constrict         |    19 |    24 |     2 ||    45
         Tentacles         |     9 |    23 |     3 ||    35
         Punch             |       |     4 |     1 ||     5
   Cast: Sandblast         |     8 |    24 |     1 ||    33
         Stone Arrow       |       |     1 |       ||     1
    Use: Scroll            |       |     6 |     1 ||     7
         Potion            |       |     1 |     1 ||     2
   Stab: Sleeping          |     4 |     7 |       ||    11
         Distracted        |       |     1 |       ||     1
 Armour: Skin              |    16 |    37 |    15 ||    68
  Dodge: Dodged            |    21 |    55 |     3 ||    79

Table legend: (Time is in decaauts)
 A = Elapsed time spent in this place.
 B = Non-inter-level travel time spent in this place.
 C = Inter-level travel time spent in this place.
 D = Time resting spent in this place.
 E = Time spent auto-exploring this place.
 F = Levels seen in this place.
 G = Mean time per level.
                   A        B        C        D        E       F      G
               +--------+--------+--------+--------+--------+-----+--------+
         Total |   3069 |   2981 |     88 |      9 |   2405 |   4 |  767.2 |
       Dungeon |   3069 |   2981 |     88 |      9 |   2405 |   4 |  767.2 |
               +--------+--------+--------+--------+--------+-----+--------+

Top non-repeatable levels by time:
     D:3: 1205 daAuts
     D:2: 912 daAuts
     D:1: 757 daAuts
     D:4: 193 daAuts
